Map: Coda LE (Void)

Players

Queens - Winner!

  • Race: Zerg Zerg
  • League: Grandmaster

IIIIIIIIIIII

  • Race: Protoss Protoss
  • League: Grandmaster

VOD

Have the link to the VOD?

Description

Time

  • Played on: June 22, 2015, 12:04 p.m.
  • Length: 4:00
Show
View Real Time Build Order
Export as new Build Order

Queens Zerg - Winner!

Build Orders: Pool First 

Get SALT Encoding   

  12  0:01  Drone  
  13  0:12  Overlord  
  13  0:18  Drone  
  14  0:31  Drone x2  
  16  0:36  Drone  
  17  0:48  Spawning Pool  
  16  0:50  Drone  
  16  0:55  Extractor  
  16  0:58  Drone  
  17  1:10  Drone  
  18  1:20  Overlord  
  18  1:38  Queen, Zergling x2  
  21  1:40  Zergling x2  
  22  1:51  Zergling x2  
  23  2:04  Metabolic Boost  
  23  2:07  Zergling x2  
  24  2:13  Zergling x2  
  27  2:31  Hatchery  
  27  2:35  Pneumatized Carapace  
  27  2:37  Drone x2  
  26  2:44  Zergling x2  
  26  2:47  Zergling x2  
  26  2:49  Zergling x2  
  26  2:50  Zergling x2  
  30  3:00  Overlord  
  29  3:09  Overlord  
  29  3:23  Zergling x8  
  29  3:27  Zergling x2  
  34  3:37  Zergling x4  
Show
View Real Time Build Order
Export as new Build Order

IIIIIIIIIIII Protoss 

Build Orders: Forge Fast Expand (FFE) 

Get SALT Encoding   

  12  0:00  Probe  
  13  0:15  Pylon  
  13  0:18  Probe  
  14  0:33  Probe (Chrono Boost)  
  14  0:35  Forge  
  15  0:44  Probe (Chrono Boost)  
  16  0:51  Probe (Chrono Boost)  
  17  1:02  Probe (Chrono Boost)  
  18  1:09  Pylon  
  18  1:14  Probe (Chrono Boost)  
  19  1:20  Probe (Chrono Boost)  
  20  1:31  Probe  
  21  1:33  Nexus  
  22  1:47  Probe (Chrono Boost), Photon Cannon  
  22  1:56  Photon Cannon  
  22  2:04  Pylon  
  22  2:05  Probe  
  23  2:10  Gateway  
  23  2:14  Assimilator  
  23  2:17  Probe (Chrono Boost)  
  23  2:18  Assimilator  
  24  2:27  Probe (Chrono Boost)  
  24  2:29  Photon Cannon  
  24  2:34  Gateway  
  24  2:42  Gateway  
  24  2:52  Gateway  
  24  2:56  Probe (Chrono Boost)  
  26  2:58  Probe (Chrono Boost)  
  26  3:03  Cybernetics Core  
  26  3:07  Probe (Chrono Boost)  
  26  3:09  Probe (Chrono Boost)  
  28  3:15  Probe (Chrono Boost)  
  30  3:23  Probe (Chrono Boost)  
  30  3:24  Probe (Chrono Boost)  
  31  3:32  Probe (Chrono Boost)  
  33  3:36  Probe (Chrono Boost)  
  33  3:41  Probe (Chrono Boost)  
  40  3:53  Twilight Council  
Tags
 
Add a new tag
Caveats
  • Supply blocks, unpowered buildings, or Contaminate may cause inaccurate times.
  • Supply counts are checked every 10 seconds.